Map: Frozen Temple

Players

iTBanK - Winner!

  • Race: Protoss Protoss
  • League: Gold
  • Spawn Location: 11:00

Fropez

  • Race: Protoss Protoss
  • League: Gold
  • Spawn Location: 5:00

VOD

Have the link to the VOD?

Description

Time

  • Played on: Sept. 15, 2016, 1:27 p.m.
  • Length: 4:56
Show
View Real Time Build Order
Export as new Build Order

iTBanK Protoss - Winner!

Build Orders:  

Get SALT Encoding   

  12  0:03  Probe (Chrono Boost)  
  13  0:13  Probe (Chrono Boost)  
  14  0:20  Pylon  
  14  0:24  Probe (Chrono Boost)  
  15  0:38  Probe (Chrono Boost), Gateway  
  16  0:48  Probe (Chrono Boost)  
  17  0:50  Assimilator  
  17  0:55  Assimilator  
  17  1:02  Probe (Chrono Boost)  
  18  1:08  Gateway  
  18  1:12  Probe (Chrono Boost)  
  19  1:23  Probe (Chrono Boost)  
  20  1:32  Cybernetics Core  
  20  1:33  Probe (Chrono Boost)  
  21  1:44  Probe (Chrono Boost)  
  22  1:51  Pylon  
  22  1:55  Probe (Chrono Boost)  
  23  2:09  Probe (Chrono Boost), Stalker  
  23  2:11  Stalker  
  23  2:14  Warp Gate (Chrono Boost)  
  28  2:25  Probe (Chrono Boost)  
  29  2:32  Pylon  
  29  2:35  Pylon  
  29  2:36  Mothership Core (Chrono Boost)  
  31  3:07  Stalker x2  
  31  3:09  Gateway  
  35  3:18  Gateway  
  35  4:13  Stalker  
  37  4:18  Stalker x3  
  37  4:22  Robotics Facility  
  43  4:42  Stalker x2  
Show
View Real Time Build Order
Export as new Build Order

Fropez Protoss 

Build Orders: 1 Gate Expand 

Get SALT Encoding   

  12  0:02  Probe (Chrono Boost)  
  13  0:15  Pylon  
  13  0:18  Probe (Chrono Boost)  
  14  0:33  Gateway  
  14  0:39  Probe (Chrono Boost)  
  15  0:43  Assimilator  
  15  0:49  Probe (Chrono Boost)  
  16  1:03  Probe (Chrono Boost)  
  17  1:25  Nexus  
  17  1:33  Cybernetics Core  
  17  1:38  Pylon  
  17  1:48  Assimilator  
  17  1:51  Probe (Chrono Boost)  
  18  1:55  Assimilator  
  18  2:01  Probe (Chrono Boost)  
  19  2:14  Pylon  
  19  2:15  Probe (Chrono Boost)  
  20  2:21  Adept (Chrono Boost)  
  22  2:32  Probe  
  23  2:40  Probe  
  24  2:45  Mothership Core  
  26  2:51  Warp Gate (Chrono Boost)  
  26  2:53  Gateway  
  26  3:03  Probe  
  26  3:11  Probe  
  26  3:12  Pylon  
  27  3:14  Adept (Chrono Boost)  
  27  3:15  Probe  
  31  3:31  Probe  
  31  3:34  Pylon  
  31  3:36  Probe  
  32  3:56  Probe  
  32  3:59  Adept (Chrono Boost)  
  32  4:00  Probe  
  38  4:04  Adept (Chrono Boost)  
  38  4:08  Probe  
  39  4:10  Twilight Council, Probe  
  40  4:18  Pylon  
  40  4:29  Forge  
  40  4:32  Gateway  
  36  4:51  Pylon  
Tags
 
League
GoldGold
Matchup
PvP
Replay Pack
All Mines
Spawn Locations
Cross Positions
Add a new tag
Caveats
  • Supply blocks, unpowered buildings, or Contaminate may cause inaccurate times.
  • Supply counts are checked every 10 seconds.